 Dungeon Crawl Stone Soup version 0.29-a0-664-gff9cad4a3d (webtiles) character file.

Game seed: 16196467634698551295

428 happo123 the Gusty (level 6, -2/35 HPs)
             Began as a Tengu Air Elementalist on June 22, 2022.
             Blown up by Ijyb (11 damage)
             ... with a mindburst bolt
             ... on level 3 of the Dungeon.
             The game lasted 00:16:44 (2037 turns).

happo123 the Gusty (Tengu Air Elementalist)         Turns: 2037, Time: 00:16:44

Health: -2/35      AC:  7    Str:  9    XL:     6   Next: 98%
Magic:  9/11       EV: 16    Int: 17    God:
Gold:   138        SH:  0    Dex: 20    Spells: 0/10 levels left

rFire   . . .      SeeInvis .   o - +2 short sword (freeze)
rCold   . . .      Faith    .   (no shield)
rNeg    . . .      Spirit   .   a - +0 robe
rPois   .          Reflect  .   (helmet restricted)
rElec   .          Harm     .   (no cloak)
rCorr   .          Rampage  .   c - +0 pair of gloves
Will    .....                   (boots unavailable)
Stlth   +++.......              (no amulet)
HPRegen 0.11/turn               e - +4 ring of protection
MPRegen 0.12/turn               p - +6 ring of dexterity

@: flying quickly and evasively, quick
A: beak, talons 3, nimble flight
a: no special abilities


You were on level 3 of the Dungeon.
You visited 1 branch of the dungeon, and saw 3 of its levels.

You collected 138 gold pieces.

Inventory:

Hand Weapons
 h - a +0 dagger
 i - a +0 rapier
 o - a +2 short sword of freezing (weapon)
 q - a +0 shortbow
Armour
 a - a +0 robe (worn)
 c - a +0 pair of gloves (worn)
Jewellery
 e - a +4 ring of protection (left hand)
 p - a +6 ring of dexterity (right hand)
Scrolls
 d - a scroll of torment {unknown}
 f - 3 scrolls of identify {unknown}
 j - a scroll of noise {unknown}
 k - a scroll of blinking {unknown}
 m - a scroll of teleportation {unknown}
 n - a scroll of enchant armour {unknown}
Potions
 b - a potion of magic
 g - 3 potions of curing
 l - a potion of might {unknown}


   Skills:
 + Level 2.1 Fighting
 + Level 3.2 Dodging
 + Level 3.2 Stealth
 + Level 2.8 Spellcasting
 * Level 4.7 Conjurations
 * Level 6.2 Air Magic


You couldn't memorise any spells.
You knew the following spells:

 Your Spells              Type           Power      Damage    Failure   Level
a - Shock                 Conj/Air       84%        1d8       1%          1
b - Static Discharge      Conj/Air       21%        N/A       2%          2
c - Swiftness             Air            23%        N/A       4%          3
d - Airstrike             Air            11%        N/A       14%         4

Your spell library contained the following spells:

 Spells                   Type           Power      Damage    Failure   Level
 Conjure Flame            Conj/Fire      10%        6-21      21%         3
 Gell's Gravitas          Tloc           2%         N/A       47%         3
 Ignite Poison            Fire/Tmut/Pois 2%         N/A       47%         3
 Lesser Beckoning         Tloc           2%         N/A       47%         3
 Ozocubu's Armour         Ice            2%         N/A       47%         3
 Teleport Other           Tloc           2%         N/A       47%         3
 Sticky Flame             Conj/Fire      10%        2d3       54%         4
 Metabolic Englaciation   Hex/Ice        1%         N/A       99%         5
 Simulacrum               Ice/Necr       1%         N/A       100%        6


Dungeon Overview and Level Annotations

Branches:
Dungeon (3/15)

Altars:

Annotations:
D:3 Ijyb


Innate Abilities, Weirdness & Mutations

You have a beak for a mouth.
You have claws for feet.
Your magical nature lets you fly swiftly and evasively.


Message History

You reach down and open the door.
There is an open door here.
You reach down and open the door.
Ijyb, an endoplasm and a hobgoblin come into view.
Ijyb is wielding a +0 club and carrying a wand of mindburst (13).
Found a book of the Senses.
There is an open door here.
The helpless endoplasm fails to defend itself.
You puncture the endoplasm! You freeze the endoplasm.
You kill the endoplasm!
The hobgoblin shouts!
Ijyb shouts!
Aiming: Shock (safe; 1% risk of failure)
Press: ? - help, Q - select action, (/) - cycle Shift-Dir - straight line The zap hits the hobgoblin.
The hobgoblin is severely wounded.
The zap hits the hobgoblin.
You kill the hobgoblin!
Ijyb zaps a wand.
Your mind is blasted!
There is an open door here.
Aiming: Shock (safe; 1% risk of failure)
Press: ? - help, Q - select action, (/) - cycle Shift-Dir - straight line The zap misses Ijyb. x2
Ijyb zaps a wand.
Your mind is blasted!
* * * LOW HITPOINT WARNING * * *
Aiming: Shock (safe; 1% risk of failure)
Press: ? - help, Q - select action, (/) - cycle Shift-Dir - straight line The zap hits Ijyb.
Ijyb is lightly wounded.
The zap hits Ijyb.
Ijyb is lightly wounded.
Ijyb screams, "Level is mine!
All mine!"
Aiming: Shock (safe; 1% risk of failure)
Press: ? - help, Q - select action, (/) - cycle Shift-Dir - straight line
Okay, then.
You feel better.
Ijyb zaps a wand.
Your mind is blasted!
* * * LOW HITPOINT WARNING * * *
You hit Ijyb but do no damage. You claw Ijyb, but do no damage.
Ijyb is lightly wounded.
Ijyb zaps a wand.
Your mind is blasted!
You die...

............#
+########'..#
#........#..#
#:.#.+####'.#..#
#..#.#....#.#..#
..#.#.##.#.#.##
.g#.#.##.#.#.#
#.#.#....#.#.#
#.#.@####'.#.#
#†#g.......#.#
#.'########'.#
#............#
##############


You could see Ijyb.

Vanquished Creatures
  Grinder (D:3)
  A water moccasin zombie (D:3)
  7 gnolls
  5 adders (D:2)
  2 adder zombies (D:3)
  A worm (D:3)
  A dart slug (D:2)
  An orc (D:3)
  6 ball pythons
  2 bats (D:1)
  3 endoplasms
  A giant cockroach (D:2)
  4 goblins
  3 hobgoblins
  A jackal (D:2)
  A ball python skeleton (D:3)
  4 frilled lizards
  A giant cockroach zombie (D:3)
  5 kobolds
  6 rats
56 creatures vanquished.

Vanquished Creatures (others)
  4 plants (D:2)
  5 withered plants (D:3)
9 creatures vanquished.

Grand Total: 65 creatures vanquished

Notes
Turn   | Place    | Note
-------+----------+-------------------------------------------
     0 | D:1      | happo123 the Tengu Air Elementalist began the quest for the
                  | Orb.
     0 | D:1      | Reached XP level 1. HP: 10/10 MP: 4/4
   422 | D:1      | Reached XP level 2. HP: 16/16 MP: 6/6
   444 | D:1      | Learned a level 2 spell: Static Discharge
   887 | D:2      | Reached XP level 3. HP: 11/20 MP: 4/7
   891 | D:2      | Learned a level 3 spell: Swiftness
  1060 | D:2      | Reached skill level 1 in Fighting
  1134 | D:2      | Reached XP level 4. HP: 23/25 MP: 8/8
  1211 | D:2      | Found a faded altar of an unknown god.
  1262 | D:2      | Reached skill level 5 in Air Magic
  1270 | D:2      | Gained mutation: Your magical nature lets you fly swiftly
                  | and evasively. [Tengu growth]
  1270 | D:2      | Reached XP level 5. HP: 7/29 MP: 0/9
  1738 | D:3      | Noticed Grinder
  1750 | D:3      | Killed Grinder
  1751 | D:3      | Reached skill level 6 in Air Magic
  1751 | D:3      | Reached XP level 6. HP: 12/35 MP: 1/11
  1756 | D:3      | Learned a level 4 spell: Airstrike
  2027 | D:3      | Noticed Ijyb
  2037 | D:3      | Blown up by Ijyb

Illustrated notes

Levels and vault maps discovered:
D:1:      dpeg_arrival_erosion, layout_loops_ring
D:2:      cheibrodos_old_hovel, layout_basic,
          shapermc_ecumenical_altar_mp_highgroup
D:3:      layout_loops_cross, serial_undead, serial_undead_a, serial_undead_b,
          serial_undead_e, serial_undead_c, corexii_corridor_pit, minivault_11,
          uniq_grinder, uniq_ijyb

Skill      XL: |  1  2  3  4  5 |
---------------+----------------+-----
Conjurations   | 2 3 4 |  4.7
Fighting       | 1 2 |  2.1
Air Magic      | 5 6 |  6.2
Dodging        | 3 |  3.2
Stealth        | 3 |  3.2
Spellcasting   | |  2.8

Action                   |  1- 3 |  4- 6 || total
-------------------------+-------+-------++-------
Melee: Unarmed           |     3 |       ||     3
       Rapier            |    24 |       ||    24
       Kick              |     6 |    12 ||    18
       Peck              |     3 |     3 ||     6
       Dagger            |     1 |       ||     1
       Short sword       |     3 |    26 ||    29
 Cast: Shock             |    24 |    36 ||    60
       Static Discharge  |       |     4 ||     4
  Use: Potion            |       |     3 ||     3
 Stab: Sleeping          |     7 |     4 ||    11
Armor: Robe              |    10 |     5 ||    15
Dodge: Dodged            |    20 |    26 ||    46

Table legend: (Time is in decaauts)
 A = Elapsed time spent in this place.
 B = Non-inter-level travel time spent in this place.
 C = Inter-level travel time spent in this place.
 D = Time resting spent in this place.
 E = Time spent auto-exploring this place.
 F = Levels seen in this place.
 G = Mean time per level.
                   A        B        C        D        E       F      G
               +--------+--------+--------+--------+--------+-----+--------+
         Total |   1991 |   1160 |    831 |    169 |    515 |   3 |  663.7 |
       Dungeon |   1991 |   1160 |    831 |    169 |    515 |   3 |  663.7 |
               +--------+--------+--------+--------+--------+-----+--------+

Top non-repeatable levels by time:
     D:2: 826 daAuts
     D:1: 703 daAuts
     D:3: 462 daAuts
